 Dungeon Crawl Stone Soup version 0.17-a0-186-g8d083fd (webtiles) character file.

180 xeno23 the Magician (level 5, -4/44 HPs)
             Began as a Draconian Wizard on Mar 26, 2015.
             Was a Believer of Vehumet.
             Slain by a river rat (9 damage)
             ... in a sewer.
             The game lasted 00:19:11 (2470 turns).

xeno23 the Magician (Draconian Wizard)              Turns: 2470, Time: 00:19:12

Health: -4/44      AC:  6    Str:  9    XL:     5   Next: 33%
Magic:  5/11       EV: 12    Int: 20    God:    Vehumet [**....]
Gold:   115        SH:  0    Dex:  9    Spells: 5 memorised, 0 levels left

rFire  . . .     SeeInvis .     r - +0 falchion
rCold  . . .     Clarity  .     (armour unavailable)
rNeg   . . .     SustAb   .     (no shield)
rPois  .         Gourm    .     b - +0 hat
rElec  .         Spirit   .     s - +0 cloak
rCorr  .         Warding  .     (no gloves)
rMut   .         Stasis   .     (no boots)
MR     .....                    (no amulet)
Stlth  ++........               (no ring)
                                (no ring)

@: very slightly contaminated, not resistant to hostile enchantments, unstealthy
A: unfitting armour, cold-blooded, AC +5
a: Renounce Religion


You were in a sewer.
You worshipped Vehumet.
Vehumet was pleased with you.
You were not hungry.

You visited 1 branch of the dungeon, and saw 3 of its levels.
You also visited: Sewer.

You collected 115 gold pieces.

Inventory:

Hand weapons
 r - a +0 falchion (weapon)
Missiles
 o - 20 stones (quivered)
Armour
 b - a +0 hat (worn)
 s - a +0 cloak (worn)
Scrolls
 f - a scroll of immolation {unknown}
 g - 3 scrolls of remove curse {unknown}
 j - a scroll of random uselessness {unknown}
 n - 3 scrolls of identify {unknown}
 p - a scroll of magic mapping {unknown}
Potions
 a - a potion of ambrosia {unknown}
 e - a potion of might {unknown}
 h - 3 potions of curing {unknown}
 i - 2 potions of cancellation {unknown}
 k - a potion of brilliance {unknown}
 l - a potion of heal wounds {unknown}
 m - a potion of agility {unknown}
Books
 c - a book of Minor Magic

   Spells                             Type                      Level
   a - Magic Dart                     Conjuration                  1
   b - Blink                          Translocation                2
   c - Call Imp                       Summoning                    2
   d - Repel Missiles                 Charms/Air                   2
   e - Slow                           Hexes                        2
   f - Conjure Flame                  Conjuration/Fire             3
   g - Mephitic Cloud                 Conjuration/Poison/Air       3
Comestibles
 d - 4 bread rations
 q - a chunk of flesh


   Skills:
 * Level 2.9 Fighting
 - Level 1.9 Dodging
 - Level 1.9 Stealth
 * Level 3.6 Spellcasting
 - Level 2.4 Conjurations
 - Level 2.0 Summonings
 - Level 1.7 Translocations
 * Level 0.8 Fire Magic


You couldn't memorise any spells.
You knew the following spells:

 Your Spells              Type           Power        Failure   Level  Hunger
a - Magic Dart            Conj           ##..         6%          1    None
b - Blink                 Tloc           N/A          12%         2    ##.....
c - Call Imp              Summ           ##......     12%         2    ##.....
d - Conjure Flame         Conj/Fire      ##......     21%         3    ###....
e - Mephitic Cloud        Conj/Pois/Air  #.......     30%         3    ###....


Dungeon Overview and Level Annotations

Branches:
Dungeon (3/15)

Altars:
Vehumet


Innate Abilities, Weirdness & Mutations

Your plain brown scales are hard (AC +5).
Your body does not fit into most forms of armour.
You are cold-blooded and may be slowed by cold attacks.


Message History

You miscast Magic Dart.
Nothing appears to happen.
Casting: Magic Dart
Confirm with . or Enter, or press ? or * to list all spells.
Aiming: Magic Dart
Press: ? - help, Shift-Dir - straight line, f/p - river rat
Aim: a river rat (lightly wounded)
You miscast Magic Dart.
Wisps of smoke drift from your hands.
You closely miss the river rat.
The river rat is lightly wounded.
The river rat bites you.
* * * LOW HITPOINT WARNING * * *
The river rat closely misses you.
You hit the river rat.
The river rat is severely wounded.
The river rat bites you.
* * * LOW HITPOINT WARNING * * *
You closely miss the river rat.
The river rat is severely wounded.
The river rat bites you!
You die...

≈≈≈≈≈....#
≈≈≈≈≈≈....#
≈≈≈≈≈≈≈....
≈≈≈≈≈≈....#
≈≈≈≈≈≈....#
#≈≈≈≈≈≈...#
≈≈≈≈≈≈≈...####
≈≈≈≈≈≈≈.r###∩#
.≈≈≈≈≈§≈.5###@#
#.≈≈≈≈≈≈≈...#rr#
#.≈≈≈≈≈≈≈...5.##
..≈≈≈≈≈≈≈.....#
....≈≈≈≈≈≈....##
....≈≈≈≈≈÷÷...##
....≈≈≈≈.......##
....≈≈≈≈.....÷÷.##
....≈≈≈≈...÷.(#..#


You could see a river rat, a rat and a friendly crimson imp.

Vanquished Creatures
  A river rat (Sewer)
  3 adders
  2 giant mites
  4 giant geckos
  An ooze (D:1)
  4 goblins
  4 hobgoblins
  A jackal (D:2)
  7 kobolds
  3 quokkas
  4 ball pythons
  3 bats
  3 giant newts
  11 rats
51 creatures vanquished.

Vanquished Creatures (collateral kills)
  A crimson imp (D:2)
  2 orc wizards (D:3)
  A river rat (Sewer)
  4 adders
  3 worms
  A giant gecko (D:3)
  An ooze (D:2)
  5 orcs (D:3)
  A bat (D:3)
  A giant cockroach (D:3)
  A hobgoblin (D:2)
  A jackal (D:2)
  A giant newt (Sewer)
  2 kobolds
  5 rats (Sewer)
30 creatures vanquished.

Vanquished Creatures (others)
  A crimson imp (Sewer)
1 creature vanquished.

Grand Total: 82 creatures vanquished

Notes
Turn   | Place    | Note
--------------------------------------------------------------
     0 | D:1      | xeno23, the Draconian Wizard, began the quest for the Orb.
     0 | D:1      | Reached XP level 1. HP: 14/14 MP: 4/4
   318 | D:1      | Reached XP level 2. HP: 20/20 MP: 1/6
   530 | D:1      | Learned a level 2 spell: Blink
   533 | D:1      | Learned a level 2 spell: Call Imp
   942 | D:2      | Reached XP level 3. HP: 27/27 MP: 1/8
   943 | D:2      | Found a radiant altar of Vehumet.
   957 | D:2      | Became a worshipper of Vehumet
  1010 | D:2      | Reached skill level 1 in Fighting
  1628 | D:2      | Reached XP level 4. HP: 19/36 MP: 2/9
  1706 | D:2      | Learned a level 3 spell: Conjure Flame
  1885 | D:3      | Acquired Vehumet's first power
  1885 | D:3      | Offered knowledge of Shock by Vehumet.
  2177 | D:3      | Reached XP level 5. HP: 21/42 MP: 11/11
  2214 | D:3      | Found a glowing drain.
  2218 | Sewer    | Entered a sewer
  2235 | Sewer    | Learned a level 3 spell: Mephitic Cloud
  2250 | Sewer    | Offered knowledge of Freeze by Vehumet.
  2470 | Sewer    | Slain by a river rat

Action                   |  1- 3 |  4- 6 || total
-------------------------+-------+-------++-------
Melee: Unarmed           |    30 |       ||    30
       Club              |    44 |       ||    44
       Falchion          |       |    84 ||    84
       Short sword       |       |    14 ||    14
Throw: Stone             |       |     2 ||     2
 Cast: Magic Dart        |    57 |     4 ||    61
       Call Imp          |     6 |    20 ||    26
       Mephitic Cloud    |       |     2 ||     2
  Eat: Chunk             |     2 |     4 ||     6
